 Dungeon Crawl Stone Soup version 0.27-a0-96-gb51a1d6fd6 (webtiles) character file.

Game seed: 15515682315690727448

378 knot the Chopper (level 6, 51/70 HPs)
             Began as a Demonspawn Berserker on Jan 19, 2021.
             Was a Priest of Trog.
             Quit the game on level 4 of the Dungeon.
             The game lasted 00:03:46 (4984 turns).

knot the Chopper (Demonspawn Berserker)             Turns: 4984, Time: 00:03:47

Health: 51/70      AC:  5    Str: 17    XL:     6   Next: 45%
Magic:  6/6        EV: 12    Int: 10    God:    Trog [***...]
Gold:   220        SH:  5    Dex: 15    Spells: 5/5 levels left

rFire    + + .     SeeInvis .   r - +0 war axe
rCold    + . .     Faith    .   (no shield)
rNeg     + . .     Spirit   .   b - +0 animal skin
rPois    .         Reflect  +   (helmet restricted)
rElec    .         Harm     .   (no cloak)
rCorr    .         Rampage  .   l - +1 pair of gloves
Will     .....                  A - +0 pair of boots of an ossuary {rF++ rC+} (curse)
Stlth    ..........             o - amulet of reflection
HPRegen  0.21/turn              u - ring of positive energy
MPRegen  0.10/turn              (no ring)

@: berserking, very quick
A: antennae 2, thin skeletal structure 1, powered by death 1
a: Renounce Religion, Berserk, Trog's Hand


You were on level 4 of the Dungeon.
You worshipped Trog.
Trog was most pleased with you.
You visited 1 branch of the dungeon, and saw 4 of its levels.

You collected 220 gold pieces.

Inventory:

Hand Weapons
 r - a +0 war axe (weapon)
Missiles
 e - 23 poisoned darts (quivered)
 f - 119 stones
 h - 5 atropa-tipped darts
 m - a throwing net
 p - 28 sling bullets
 z - 6 boomerangs
Armour
 b - a +0 animal skin (worn)
 l - a +1 pair of gloves (worn)
 A - the cursed +0 pair of boots of an ossuary (worn) {rF++ rC+}
   (You found it on level 4 of the Dungeon)

   It greatly protects you from fire.
   It protects you from cold.
   It has a curse placed upon it.
Jewellery
 o - an amulet of reflection (around neck)
 t - an uncursed amulet of guardian spirit
 u - a ring of positive energy (left hand)
Wands
 a - a wand of flame (18)
Scrolls
 c - 12 scrolls of identify
 d - 3 scrolls of teleportation
 g - a scroll of enchant weapon
 j - 5 scrolls of immolation
 y - a scroll of remove curse
Potions
 i - a potion of brilliance {unknown}
 k - a potion of cancellation {unknown}
 n - a potion of heal wounds {unknown}
 q - a potion of magic {unknown}
 s - a potion of curing {unknown}
 v - a potion of ambrosia {unknown}
 w - a potion of flight {unknown}
 x - a potion of haste {unknown}
 B - a potion of degeneration {unknown}


   Skills:
 - Level 3.0 Fighting
 + Level 6.7 Axes
 - Level 1.7 Armour
 - Level 1.7 Dodging


You had 5 spell levels left.
You didn't know any spells.
Your spell library contained the following spells:

 Spells                   Type           Power        Failure   Level
 Magic Dart               Conj           0%           36%         1
 Blink                    Tloc           N/A          50%         2
 Call Imp                 Summ           0%           50%         2
 Slow                     Hex            0%           50%         2
 Conjure Flame            Conj/Fire      0%           75%         3
 Mephitic Cloud           Conj/Pois/Air  0%           75%         3


Dungeon Overview and Level Annotations

Branches:
Dungeon (4/15)             Temple (0/1) D:4

Altars:
Dithmenos
Fedhas
Okawaru
Xom

Annotations:
D:4 1 transporter


Innate Abilities, Weirdness & Mutations

You have a pair of antennae on your head.
You have a somewhat thin skeletal structure. (Dex +2, Stealth)
You regenerate a little health from kills.


Message History

Edmund misses you.
A red film seems to cover your vision as you go berserk!
You feel yourself moving faster!
You feel mighty!
Edmund looks more healthy.
Edmund misses you.
You slash Edmund!
Edmund is heavily wounded.
Edmund hits you with a +3 flail of protection.
You slash Edmund!
Edmund is almost dead.
You block Edmund's attack.
You slash Edmund!
You feel the power of Trog in you as your rage grows.
You kill Edmund!
Trog accepts your kill.
You have reached level 6!
Your experience leads to an increase in your attributes!
Increase (S)trength, (I)ntelligence, or (D)exterity?
You feel clever.
Your demonic ancestry asserts itself...
Your bones become slightly less dense.
Are you sure you want to abandon this character and quit the game? (Confirm with "yes".)

.#######.#.....# #.
.#...# #.#.....# .# . #.
.#.#.###.#.....# .#
....###.
...#.##........##.#
........
...>...............
.....###
####.#..........#(# #
.... #.#
.....#.......##.#(# #?#
... #..
.....#..........#)#...#
# #...#
.....#.......#..@....##
#...#
...###...#..............
# #...#
.......#.#.###.......###
#.#...#
##...#.#.#...........#
.......
.......#.#.#.######....
.....# ##.#####.#...#
##### ######
.#.......##### ©... #.
.######### ..## #. . #.


There were no monsters in sight!

Vanquished Creatures
  Edmund (D:4)
  A scorpion (D:4)
  An orc wizard (D:4)
  An iguana (D:4)
  A worker ant (D:4)
  4 adders
  An ooze (D:1)
  2 dart slugs (D:2)
  3 leopard geckos (D:1)
  4 orcs
  2 ball pythons (D:4)
  12 giant cockroaches
  10 goblins
  11 hobgoblins
  3 jackals (D:2)
  2 quokkas (D:2)
  7 bats
  6 frilled lizards
  4 kobolds
  8 rats
84 creatures vanquished.

Vanquished Creatures (others)
  3 plants (D:4)
3 creatures vanquished.

Grand Total: 87 creatures vanquished

Notes
Turn   | Place    | Note
-------+----------+-------------------------------------------
     0 | D:1      | knot the Demonspawn Berserker began the quest for the Orb.
     0 | D:1      | Reached XP level 1. HP: 18/18 MP: 1/1
    79 | D:1      | Reached skill level 3 in Axes
   533 | D:1      | Gained mutation: You have a pair of small antennae on your
                  | head. [demonic ancestry]
   533 | D:1      | Reached XP level 2. HP: 20/24 MP: 2/2
  1529 | D:2      | Reached skill level 4 in Axes
  1529 | D:2      | Reached XP level 3. HP: 29/29 MP: 3/3
  1812 | D:2      | Reached ** piety under Trog
  1964 | D:2      | Gained mutation: You have a pair of antennae on your head.
                  | [demonic ancestry]
  1964 | D:2      | Reached XP level 4. HP: 12/35 MP: 4/4
  2830 | D:3      | Found a shimmering altar of Xom.
  3147 | D:3      | Reached skill level 5 in Axes
  3246 | D:3      | Reached *** piety under Trog
  3444 | D:3      | Found a faded altar of an unknown god.
  3580 | D:4      | Gained mutation: You regenerate a little health from kills.
                  | [demonic ancestry]
  3580 | D:4      | Reached XP level 5. HP: 28/41 MP: 5/5
  4220 | D:4      | Found a faded altar of an unknown god.
  4220 | D:4      | Found an iron altar of Okawaru.
  4225 | D:4      | Found a blossoming altar of Fedhas.
  4231 | D:4      | Found a faded altar of an unknown god.
  4233 | D:4      | Found a shadowy altar of Dithmenos.
  4255 | D:4      | Got a pair of faintly glowing boots
  4256 | D:4      | Identified the cursed +0 pair of boots of an ossuary {rF++
                  | rC+} (You found it on level 4 of the Dungeon)
  4346 | D:4      | Reached skill level 6 in Axes
  4890 | D:4      | Found a staircase to the Ecumenical Temple.
  4974 | D:4      | Found a transporter.
  4974 | D:4      | Noticed Edmund
  4983 | D:4      | Killed Edmund
  4984 | D:4      | Gained mutation: You have a somewhat thin skeletal
                  | structure. (Dex +2, Stealth) [demonic ancestry]
  4984 | D:4      | Reached XP level 6. HP: 47/47 MP: 6/6
  4984 | D:4      | Quit the game

Illustrated notes

Levels and vault maps discovered:
D:1:      amcnicky_arrival_wind_blow, layout_loops_ring, minmay_tall_x
D:2:      minmay_spotlight, layout_loops_ring
D:3:      minmay_roachtagon, layout_loops_ring, lemuel_crystal_altar,
          serial_forest, infiniplex_forest_lined_3_way,
          infiniplex_forest_corner_2, infiniplex_forest_clump_small,
          infiniplex_forest_lined_ring, infiniplex_forest_straight_5,
          chequers_ecumenical_altar_grove, solitary_fountain
D:4:      layout_basic, chequers_temple_overflow_minitemple,
          minmay_temple_entry_trees, gammafunk_ghost_smash, saegor_snake_ambush,
          uniq_edmund

Skill      XL: |  1  2  3  4  5 |
---------------+----------------+-----
Axes           | 3 4 5 6 |  6.7
Fighting       | |  3.0
Armour         | |  1.7
Dodging        | |  1.7

Action                   |  1- 3 |  4- 6 || total
-------------------------+-------+-------++-------
Melee: Hand axe          |    99 |    56 ||   155
       War axe           |       |    78 ||    78
Throw: Dart              |       |     2 ||     2
Invok: Berserk           |     3 |     4 ||     7
  Use: Scroll            |       |     5 ||     5
 Stab: Sleeping          |       |     2 ||     2
Armor: Animal skin       |    26 |    28 ||    54
Dodge: Dodged            |    79 |    79 ||   158
Block: Other             |       |    21 ||    21

Table legend: (Time is in decaauts)
 A = Elapsed time spent in this place.
 B = Non-inter-level travel time spent in this place.
 C = Inter-level travel time spent in this place.
 D = Time resting spent in this place.
 E = Time spent auto-exploring this place.
 F = Levels seen in this place.
 G = Mean time per level.
                   A        B        C        D        E       F      G
               +--------+--------+--------+--------+--------+-----+--------+
         Total |   5118 |   5059 |     59 |   1747 |   2761 |   4 | 1279.5 |
       Dungeon |   5118 |   5059 |     59 |   1747 |   2761 |   4 | 1279.5 |
               +--------+--------+--------+--------+--------+-----+--------+

Top non-repeatable levels by time:
     D:1: 1542 daAuts
     D:4: 1483 daAuts
     D:2: 1224 daAuts
     D:3: 867 daAuts
